 Dungeon Crawl Stone Soup version 0.30.0-29-ga12c61a403 (webtiles) character file.

Game seed: 6603069208227702834

2 Graphine the Insei (level 1, 0/22 HPs)
             Began as a Demonspawn Wanderer on June 22, 2023.
             Constricted to death by a ball python (1 damage)
             ... on level 1 of the Dungeon.
             The game lasted 00:01:42 (55 turns).

Graphine the Insei (Demonspawn Wanderer)              Turns: 55, Time: 00:01:42

Health: 0/22       AC:  2    Str: 12    XL:     1   Next: 25%
Magic:  2/2        EV:  8    Int: 12    God:
Gold:   0          SH:  0    Dex: 11    Spells: 2/2 levels left

rFire   + . .        a - +0 dagger
rCold   . . .        (no shield)
rNeg    . . .        e - +0 robe
rPois   .            (no helmet)
rElec   .            (no cloak)
rCorr   .            (no gloves)
SInv    .            (no boots)
Will    .....        (no amulet) Stlth
                     (no ring)
HPRegen 0.23/turn    (no ring)
MPRegen 0.08/turn

%: no passive effects
@: berserking, constricted, very quick
A: clumsy 1, fire resistance 1
a: no special abilities


You were on level 1 of the Dungeon.
You visited 1 branch of the dungeon, and saw 1 of its levels.

Inventory:

Hand Weapons
 a - a +0 dagger (weapon)
Armour
 d - a +0 chain mail
 e - a +0 robe (worn)
Scrolls
 c - a scroll of fog
 f - a scroll of fear
 g - a scroll of silence {unknown}


   Skills:
 + Level 1.0 Fighting
 + Level 0.0 Short Blades
 - Level 1.0 Stealth
 + Level 3.6 Unarmed Combat
 + Level 1.0 Spellcasting
 + Level 2.0 Poison Magic
 + Level 1.3 Invocations


You had 2 spell levels left.
You didn't know any spells.
Your spell library contained the following spells:

 Spells                   Type           Power      Damage    Failure   Level
 Poisonous Vapours        Pois/Air       6%         N/A       30%         2
 Cigotuvi's Dreadful Rot  Necr/Pois/Air  4%         N/A       34%         2


Dungeon Overview and Level Annotations

Branches:
Dungeon (1/15)

Altars:


Innate Abilities, Weirdness & Mutations

You are clumsy. (Dex -2)
Your flesh is heat resistant. (rF+)


Message History

You hit the ball python but do no damage.
The ball python is heavily wounded.
The bat hits you but does no damage. The ball python barely misses you.
The ball python closely misses you.
You barely miss the bat. The bat closely misses you.
The ball python barely misses you. The ball python misses you.
The ball python bites you but does no damage.
The ball python closely misses you.
You completely miss the bat. You punch the bat.
You kill the bat!
The ball python barely misses you. The ball python closely misses you.
You closely miss the ball python.
The ball python is heavily wounded.
The ball python bites you. The ball python grabs you.
The ball python constricts you. The endoplasm hits you.
You hit the endoplasm.
The endoplasm is heavily wounded.
The ball python closely misses you. The ball python constricts you.
The endoplasm barely misses you.
You hit the endoplasm.
The endoplasm is severely wounded.
The ball python barely misses you. The ball python constricts you.
The endoplasm hits you but does no damage.
You hit the endoplasm but do no damage.
The endoplasm is severely wounded.
The ball python bites you. The ball python constricts you.
The ball python barely misses you. The ball python constricts you.
The endoplasm completely misses you.
You hit the endoplasm.
The endoplasm is almost dead.
The ball python bites you. The ball python constricts you.
* * * LOW HITPOINT WARNING * * *
The endoplasm freezes you.
You are frozen.
* * * LOW HITPOINT WARNING * * *
A red film seems to cover your vision as you go berserk!
You feel yourself moving faster!
You feel mighty! The ball python bites you.
* * * LOW HITPOINT WARNING * * *
The ball python constricts you.
You die...

# ### #. #.. .# #.##.# #
... #....####.# #+#
#..######.....#.# #.#
#......##.......# ##'##
#......###....######...###
#.......##.###.'.'.'.<.'.+
....#.J...J.#.@.#####...###
# #.###.#.#S#J# ##'##
............># #.#
.....!.....###.# #+#
##J#.............
....#####.###...# ...#. ...
...... # .... ...... ....
###.


You could see an endoplasm and a ball python.

Vanquished Creatures
  A hobgoblin (D:1)
  A bat (D:1)
2 creatures vanquished.

Notes
Turn   | Place    | Note
-------+----------+-------------------------------------------
     0 | D:1      | Graphine the Demonspawn Wanderer began the quest for the
                  | Orb.
     0 | D:1      | Graphine set off with the following items: a +0 dagger, a
                  | potion of berserk rage, a scroll of fog, a potion of
                  | mutation, a +0 robe, a scroll of fear; and the following
                  | spells available to memorise: Poisonous Vapours, Cigotuvi's
                  | Dreadful Rot.
     0 | D:1      | Reached XP level 1. HP: 15/15 MP: 2/2
     8 | D:1      | Gained mutation: Your flesh is heat resistant. (rF+)
                  | [potion of mutation]
     8 | D:1      | Gained mutation: You are clumsy. (Dex -2) [potion of
                  | mutation]
    55 | D:1      | HP: 1/22 [ball python (2)]
    55 | D:1      | Constricted to death by a ball python

Illustrated notes

Levels and vault maps discovered:
D:1:      minmay_arrival_doors, layout_basic, feat_on_display

Action                     || total
---------------------------++-------
  Melee: Dagger            ||    14
         Punch             ||     1
    Use: Potion            ||     2
 Armour: Robe              ||     8
  Dodge: Dodged            ||    23
